 Dungeon Crawl Stone Soup version 0.16-b1 (webtiles) character file.

21 RobertPalmer the Stinger (level 2, 0/17 HPs)
             Began as an Octopode Venom Mage on Mar 14, 2015.
             Slain by a jackal (2 damage)
             ... on level 2 of the Dungeon.
             The game lasted 00:01:35 (971 turns).

RobertPalmer the Stinger (Octopode Venom Mage)       Turns: 971, Time: 00:01:35

Health: 0/17       AC:  1    Str:  7    XL:     2   Next: 83%
Magic:  4/4        EV: 12    Int: 17    God:
Gold:   40         SH:  0    Dex: 12    Spells: 1 memorised, 4 levels left

rFire  . . .     SeeInvis .     h - +1 dagger (elec)
rCold  . . .     Clarity  .     (no shield)
rNeg   . . .     SustAb   .     (helmet restricted)
rPois  .         Gourm    .     (no amulet)
rElec  .         Spirit   .     (no ring)
rCorr  .         Warding  .     (no ring)
rMut   .         Stasis   .     (no ring)
MR     .....                    (no ring)
Stlth  +++.......               (no ring)
                                (no ring)
                                (no ring)
                                (no ring)

@: flying, not resistant to hostile enchantments, fairly stealthy
A: almost no armour, amphibious, 8 rings, constrict 8, camouflage 1, gelatinous
body 1
a: no special abilities


You were on level 2 of the Dungeon.
You were not hungry.

You visited 1 branch of the dungeon, and saw 2 of its levels.

You collected 40 gold pieces.

Inventory:

Hand weapons
 h - a +1 dagger of electrocution (weapon)
   (You took it off a kobold on level 1 of the Dungeon)
Scrolls
 a - 2 scrolls of teleportation {unknown}
 i - a scroll of magic mapping {unknown}
 k - a scroll of blinking {unknown}
 l - a scroll of remove curse {unknown}
 m - a scroll of identify {unknown}
Potions
 d - a potion of haste {unknown}
 e - a potion of agility {unknown}
 f - a potion of curing {unknown}
Books
 b - a Young Poisoner's Handbook
Comestibles
 c - a bread ration


   Skills:
 - Level 2.0 Dodging
 - Level 2.6 Stealth
 - Level 2.0 Spellcasting
 + Level 2.3 Conjurations
 - Level 4.8 Poison Magic


You had 4 spell levels left.
You knew the following spells:

 Your Spells              Type           Power        Failure   Level  Hunger
a - Sting                 Conj/Pois      ##..         4%          1    #......


Dungeon Overview and Level Annotations

Branches:
Dungeon (2/15)

Altars:


Innate Abilities, Weirdness & Mutations

You cannot wear most types of armour.
You are amphibious.
You can wear up to eight rings at the same time.
You can use your tentacles to constrict many enemies at once.
Your skin changes colour to match your surroundings (Stealth).
Your rubbery body absorbs attacks (AC +1).


Message History

You hit the kobold.
There is a sudden explosion of sparks!
You kill the kobold!
Things that are here:
a dagger; a kobold corpse
k - a scroll labeled BREZAACEWK
l - a scroll labeled KLEIS NIWK The hobgoblin is too close now for your liking.
A hobgoblin is nearby!
A hobgoblin is nearby!
A hobgoblin is nearby!
You hit the hobgoblin but do no damage. You grab the hobgoblin.
You squeeze the hobgoblin.
The hobgoblin is heavily wounded.
You constrict the hobgoblin, but do no damage.
The hobgoblin hits you.
You hit the hobgoblin but do no damage.
The hobgoblin is heavily wounded.
You constrict the hobgoblin, but do no damage.
The hobgoblin closely misses you.
You hit the hobgoblin but do no damage.
You squeeze the hobgoblin, but do no damage.
The hobgoblin is heavily wounded.
You constrict the hobgoblin, but do no damage.
The hobgoblin barely misses you.
A hobgoblin is nearby!
A hobgoblin is nearby!
You hit the hobgoblin but do no damage.
There is a sudden explosion of sparks!
You kill the hobgoblin!
No target in view!
No target in view!
Things that are here:
a hunting sling; a scale mail; a hobgoblin corpse
Found a stone staircase leading down.
m - a scroll labeled BAIDONAGIE A goblin comes into view.
It is wielding a club.
A goblin is nearby!
A goblin is nearby!
A goblin is nearby!
A goblin is nearby!
Found a stone staircase leading down.
A giant newt comes into view.
The helpless goblin fails to defend itself.
You hit the goblin.
You kill the goblin!
The helpless giant newt fails to defend itself.
You puncture the giant newt!
You kill the giant newt!
No target in view!
HP restored.
All of the chunks of flesh in your inventory have rotted away.
Done exploring.
Done exploring.
Done exploring.
Done exploring.
Done exploring.
(D) Dungeon
Where to? (? - help)
Things that are here:
a hunting sling; a scale mail; a hobgoblin corpse
There is a stone staircase leading down here.
You climb downwards.
A rat and a jackal come into view.
The jackal barks!
You hear a bark!
You hear a bark!
There is a stone staircase leading up here.
The jackal bites you.
You barely miss the jackal. Your grab misses the jackal.
The jackal closely misses you. The jackal bites you.
A jackal comes into view.
The jackal barks!
You hit the jackal. You grab the jackal. You squeeze the jackal.
The jackal is almost dead.
You constrict the jackal, but do no damage.
You hear a bark!
The rat bites you.
The jackal bites you but does no damage.
A jackal comes into view.
You hit the jackal.
You kill the jackal!
The jackal pauses to sniff the ground.
The jackal bites you. The rat barely misses you. The jackal barely misses you.
The jackal bites you. The jackal misses you.
A jackal comes into view.
You hit the rat. You grab the rat.
The rat is heavily wounded.
You constrict the rat.
You kill the rat!
The jackal barely misses you. The jackal closely misses you.
The jackal bites you. The jackal bites you.
* * * LOW HITPOINT WARNING * * *
The jackal barely misses you.
You see here a rat corpse.
The jackal barely misses you. The jackal bites you.
* * * LOW HITPOINT WARNING * * *
The jackal closely misses you.
Drink which item? (? for menu, Esc to quit)
It was a potion of flight.
You feel very buoyant.
You fly up into the air.
The jackal bites you.
You die...

#.#.# #.#.# #.
#.#.# #.##.#.#
........ #....###
#...hh.# #..h.#h#
#.###.†#@#
#....†<#.........
#####.##########
... ###. #. #. #.
#.


You could see 2 jackals.

Vanquished Creatures
  A giant gecko (D:1)
  2 hobgoblins (D:1)
  4 kobolds (D:1)
  A bat (D:1)
  A giant cockroach (D:1)
  2 giant newts (D:1)
  4 goblins (D:1)
  4 jackals
  A rat (D:2)
20 creatures vanquished.

Notes
Turn   | Place    | Note
--------------------------------------------------------------
     0 | D:1      | RobertPalmer, the Octopode Venom Mage, began the quest for the Orb.
     0 | D:1      | Reached XP level 1. HP: 11/11 MP: 3/3
   352 | D:1      | Reached skill level 1 in Conjurations
   426 | D:1      | Reached XP level 2. HP: 7/17 MP: 4/4
   677 | D:1      | Reached skill level 2 in Conjurations
   966 | D:2      | HP: 4/17 [jackal (2)]
   971 | D:2      | Slain by a jackal

Action                   || total
-------------------------++-------
Melee: Unarmed           ||    14
       Dagger            ||    20
 Cast: Sting             ||    10
  Use: Potion            ||     1
 Stab: Sleeping          ||     3

Vault maps used:
D:1:      minmay_arrival_open_corners, minmay_bisected
D:2:      lemuel_upstairs_altar, overflow_temple_1_default, grunt_ministairs_2

Table legend:
 A = Turns spent in this place as a percentage of turns spent in the entire game.
 B = Non-inter-level travel turns spent in this place as a percentage of non-inter-level travel turns spent in the entire game.
 C = Inter-level travel turns spent in this place as a percentage of turns spent in this place.
 D = Turns resting spent in this place as a percentage of non-inter-level travel turns spent in this place.
 E = Turns spent auto-exploring this place as a percentage of non-inter-level travel turns spent in this place.
 F = Non-inter-level travel turns spent in this place divided by the number of levels of this place that you've seen.
                   A       B       C       D       E      F
               +-------+-------+-------+-------+-------+----------------------
         Total | 100.0 | 100.0 |   0.4 |   3.9 |  10.4 | 129.5
       Dungeon | 100.0 | 100.0 |   0.4 |   3.9 |  10.4 | 129.5
               +-------+-------+-------+-------+-------+----------------------

Table legend:
 A = Kills in this place as a percentage of kills in entire the game.
 B = Kills by you in this place as a percentage of kills by you in the entire game.
 C = Kills by friends in this place as a percentage of kills by friends in the entire game.
 D = Other kills in this place as a percentage of other kills in the entire game.
 E = Experience gained in this place as a percentage of experience gained in the entire game.
 F = Experience gained in this place divided by the number of levels of this place that you have seen.
                   A       B       C       D       E      F
               +-------+-------+-------+-------+-------+----------------------
         Total | 100.0 | 100.0 |  -nan |  -nan | 100.0 |  15.0
       Dungeon | 100.0 | 100.0 |  -nan |  -nan | 100.0 |  15.0
               +-------+-------+-------+-------+-------+----------------------
